Map: Apotheosis LE

Players

ByuN - Winner!

  • Race: Terran Terran

TYTY (TY)

  • Race: Terran Terran

Event: 2016 WCS Global Finals

VOD

Have the link to the VOD?

Description

Time

  • Played on: Nov. 4, 2016, 6:22 p.m.
  • Length: 4:48

All games in this series

Show
View Real Time Build Order
Export as new Build Order

ByuN Terran - Winner!

Build Orders: 3 Rax Reaper 

Get SALT Encoding   

  12  0:01  SCV  
  13  0:13  SCV  
  14  0:18  Supply Depot  
  14  0:25  SCV  
  15  0:41  Barracks  
  15  0:45  Refinery  
  16  1:00  Barracks  
  16  1:01  SCV  
  16  1:13  SCV  
  17  1:29  Reaper  
  17  1:30  Barracks  
  18  1:33  Refinery  
  18  1:36  SCV  
  19  1:50  Reaper  
  20  1:55  Orbital Command  
  20  2:01  Reaper  
  21  2:17  Reaper  
  21  2:19  Supply Depot  
  21  2:22  Reaper  
  23  2:40  Reaper  
  23  2:49  Reaper  
  23  2:50  SCV  
  24  2:56  Reaper  
  25  3:12  Reaper  
  25  3:13  SCV  
  25  3:19  Factory  
  26  3:25  SCV  
  25  3:38  Reaper x2  
  25  3:39  SCV  
  27  3:45  Reaper  
  27  3:51  SCV  
  28  3:58  Supply Depot  
  28  4:02  Factory Tech Lab  
  28  4:03  SCV  
  29  4:21  Command Center  
  29  4:23  SCV  
  34  4:35  SCV  
Show
View Real Time Build Order
Export as new Build Order

TYTY Terran 

Build Orders:  

Get SALT Encoding   

  12  0:00  SCV  
  13  0:12  SCV  
  14  0:18  Supply Depot  
  14  0:24  SCV  
  15  0:30  Refinery  
  15  0:40  SCV  
  16  0:46  Barracks  
  16  0:52  SCV  
  17  1:04  SCV  
  18  1:16  SCV  
  20  1:33  Reaper, Orbital Command  
  20  1:48  Command Center  
  20  1:57  Factory  
  21  2:05  Marine  
  21  2:07  Supply Depot  
  21  2:12  SCV  
  22  2:22  Marine  
  22  2:27  Supply Depot  
  22  2:29  SCV  
  24  2:40  Marine  
  24  2:41  SCV  
  24  2:42  Hellion  
  25  2:52  Starport  
  25  2:53  SCV  
  25  2:58  Marine  
  24  3:04  Hellion  
  27  3:05  SCV  
  26  3:16  Marine  
  26  3:17  SCV  
  28  3:25  Hellion  
  25  3:30  SCV  
  23  3:41  Viking  
  23  3:42  SCV  
  23  3:46  Hellion  
  25  3:49  Marine  
  25  3:54  SCV  
  27  4:07  Marine  
  27  4:08  Hellion  
  30  4:17  SCV  
  30  4:18  Supply Depot  
  31  4:29  SCV  
Tags
 
Add a new tag
Caveats
  • Supply blocks, unpowered buildings, or Contaminate may cause inaccurate times.
  • Supply counts are checked every 10 seconds.